AoeStats
← APTokyo

Lombardia

510221755Analyzed
3v3 RM · 18h ago on Sep 30, 2026· 46m 51s· 6 players
Game mode
Random Map
Map size
Normal (6 player)
Population
200
Speed
Normal
Resources
Standard
Victory
Conquest
Starting age
Dark Age
Ending age
Imperial Age
RankedLock teamsTeams togetherTeam positionsShared explorationLock speedFull tech treeHidden civsTurbo modeCheats
Victory
Defeat
🇦🇷 Franks · Argentina
1216
+14
🇦🇷 Ethiopians · Argentina
1132
+17
🇦🇷 Wei · Argentina
1117
+18
🇺🇸 Danes · United States
1198
-18
🇺🇸 Saxons · United States
1174
-17
🇺🇸 Byzantines · United States
1111
-14
edgun
7:27 Loom
9:47 Feudal Age
10:32 Double-Bit Axe
10:30 Horse Collar
12:23 Wheelbarrow
13:02 Gold Mining
18:37 Castle Age
17:57 Stone Mining
22:17 Gold Shaft Mining
22:08 Bow Saw
22:44 Stone Shaft Mining
24:58 Bloodlines
25:18 Heavy Plow
25:25 Husbandry
27:20 Hand Cart
27:20 Forging
28:32 Town Watch
29:55 Scale Barding Armor
30:32 Iron Casting
35:56 Imperial Age
33:31 Town Patrol
36:14 Heavy Hei Guang Cavalry
37:56 Blast Furnace
37:17 Chain Barding Armor
38:57 Elite Tiger Cavalry
41:02 Onager
Escaracho
8:09 Loom
10:32 Feudal Age
11:01 Double-Bit Axe
15:47 Fletching
21:42 Castle Age
21:08 Padded Archer Armor
21:24 Horse Collar
22:28 Bodkin Arrow
22:21 Crossbowman
26:22 Leather Archer Armor
27:28 Ballistics
31:13 Gold Mining
31:38 Bow Saw
39:35 Imperial Age
38:41 Wheelbarrow
39:38 Thumb Ring
40:39 Conscription
41:37 Bracer
41:05 Arbalester
42:15 Ring Archer Armor
42:49 Chemistry
43:00 Conscription
45:02 Heavy Plow
Siimlol
7:01 Loom
9:30 Feudal Age
10:10 Double-Bit Axe
17:50 Gold Mining
20:16 Castle Age
18:38 Scale Barding Armor
18:43 Forging
19:48 Stone Mining
21:44 Husbandry
22:24 Iron Casting
21:50 Scale Mail Armor
23:10 Bow Saw
29:37 Town Watch
30:30 Wheelbarrow
32:36 Hand Cart
33:25 Town Patrol
37:19 Imperial Age
36:00 Chain Barding Armor
38:36 Plate Barding Armor
37:23 Cavalier
39:07 Blast Furnace
38:57 Gold Shaft Mining
38:52 Conscription
39:18 Paladin
CoachTone
10:35 Feudal Age
13:06 Loom
16:51 Castle Age
17:44 Wheelbarrow
18:17 Double-Bit Axe
19:48 Gold Mining
22:25 Horse Collar
23:21 Scale Barding Armor
23:32 Forging
29:40 Husbandry
33:35 Fletching
42:23 Hand Cart
47:50 Iron Casting
PaperDrake921
5:11 Loom
9:11 Feudal Age
11:23 Double-Bit Axe
11:38 Horse Collar
16:29 Scale Barding Armor
16:54 Forging
20:18 Bloodlines
23:39 Castle Age
25:25 Bow Saw
25:16 Town Watch
26:37 Wheelbarrow
26:41 Scale Mail Armor
28:56 Gambesons
30:26 Squires
30:46 Chain Mail Armor
34:31 Heavy Plow
38:22 Imperial Age
37:07 Fletching
38:28 Elite Varangian Guard
42:01 Gold Mining
45:32 Plate Mail Armor
45:38 Iron Casting
APTokyo
11:01 Feudal Age
16:04 Castle Age
14:42 Loom
16:01 Double-Bit Axe
16:01 Horse Collar
18:48 Bow Saw
18:49 Heavy Plow
23:41 Wheelbarrow
26:02 Fletching
26:35 Hand Cart
30:33 Bodkin Arrow
30:02 Pikeman
30:43 Squires
30:33 Clerical Recruitment
32:01 Scale Mail Armor
36:02 Imperial Age
34:21 Chain Mail Armor
34:47 Forging
35:37 Coinage
35:01 Gambesons
35:08 Town Watch
36:31 Iron Casting
37:29 Conscription
37:42 Plate Mail Armor
36:54 Shield Wall
37:23 Elite Varangian Guard
38:55 Hoardings
38:39 Shield Wall
41:28 Bracer
40:57 Elite Hearth Troop
41:46 Arson
41:22 Halberdier
Connection lost

Rejoining the realm…

Still unreachable

The connection could not be restored.

Session expired

The server has moved on; the page needs a fresh start.